 Dungeon Crawl Stone Soup version 0.28.0-43-g3370ac3207 (webtiles) character file.

Game seed: 12030361690328171751

4818 Pemander the Protected (level 10, -9/76 HPs)
             Began as a Gnoll Wanderer on Mar 18, 2022.
             Shot with an arrow by a centaur warrior (13 damage)
             ... on level 9 of the Dungeon.
             The game lasted 00:18:33 (10741 turns).

Pemander the Protected (Gnoll Wanderer)            Turns: 10741, Time: 00:18:33

Health: -9/76      AC: 12    Str: 16    XL:     10   Next: 48%
Magic:  14/19      EV: 12    Int: 16    God:
Gold:   698        SH:  5    Dex:  7    Spells: 14/21 levels left

rFire   . . .      SeeInvis .   C - +7 short sword of the Reaper {pain, rElec rC+}
rCold   + + .      Faith    .   (no shield)
rNeg    . . .      Spirit   .   z - +2 robe {rC+}
rPois   .          Reflect  +   (no helmet)
rElec   +          Harm     .   A - +0 cloak
rCorr   .          Rampage  .   (no gloves)
Will    .....                   (no boots)
Stlth   +++.......              e - amulet of reflection
HPRegen 1.02/turn               F - +4 ring of protection
MPRegen 0.16/turn               (no ring)

@: lethally poisoned (-9 -> -9)
A: fangs 1, strong nose, distributed training, iridescent scales 1, regeneration
1, screaming 1, sturdy frame 1
a: no special abilities


You were on level 9 of the Dungeon.
You visited 1 branch of the dungeon, and saw 9 of its levels.
You also visited: Ossuary.

You collected 698 gold pieces.

Inventory:

Hand Weapons
 j - a +5 dagger of speed
 B - a +4 quarterstaff of chaos
 C - the +7 short sword of the Reaper (weapon) {pain, rElec rC+}
   (You found it on level 8 of the Dungeon)

   In the hands of one skilled in necromantic magic, it inflicts extra damage on
   living creatures.
   rC:        It protects you from cold.
   rElec:     It insulates you from electricity.
 G - the +8 dagger "Raipod" {vamp, rF+}
   (You found it on level 8 of the Dungeon)

   It occasionally heals its wielder for a portion of the damage dealt when it
   wounds a living foe.
   rF:        It protects you from fire.
Missiles
 H - a throwing net
Armour
 z - a +2 robe of cold resistance (worn)
 A - a +0 cloak (worn)
Jewellery
 e - an amulet of reflection (around neck)
 F - a +4 ring of protection (left hand)
 I - an amulet of guardian spirit
Wands
 a - a wand of flame (46)
 b - a wand of iceblast (25)
 h - a wand of mindburst (20)
 m - a wand of polymorph (2)
 n - a wand of paralysis (10)
Scrolls
 f - 2 scrolls of silence
 k - 2 scrolls of immolation {unknown}
 q - 2 scrolls of teleportation {unknown}
 s - a scroll of noise {unknown}
 t - 3 scrolls of identify
 w - 2 scrolls of magic mapping
 y - a scroll of enchant armour {unknown}
Potions
 c - a potion of resistance {unknown}
 d - 3 potions of degeneration {unknown}
 g - 3 potions of haste
 i - a potion of heal wounds
 l - 2 potions of might {unknown}
 o - a potion of flight {unknown}
 p - 3 potions of curing
 r - a potion of lignification {unknown}
 u - 2 potions of brilliance {unknown}
 v - a potion of ambrosia {unknown}
 D - a potion of mutation
 E - a potion of cancellation {unknown}


   Skills:
 + Level 6.0 Fighting
 + Level 5.3 Short Blades
 + Level 6.0 Long Blades
 + Level 5.3 Axes
 + Level 5.3 Maces & Flails
 + Level 5.3 Polearms
 + Level 5.3 Staves
 + Level 5.3 Slings
 + Level 5.3 Bows
 + Level 5.3 Crossbows
 + Level 5.3 Throwing
 + Level 8.5 Armour
 + Level 5.3 Dodging
 + Level 5.3 Stealth
 + Level 5.3 Shields
 + Level 5.3 Unarmed Combat
 + Level 6.1 Spellcasting
 + Level 4.4 Conjurations
 + Level 4.4 Hexes
 + Level 4.4 Summonings
 + Level 4.4 Necromancy
 + Level 4.4 Translocations
 + Level 4.4 Transmutations
 + Level 4.4 Fire Magic
 + Level 4.4 Ice Magic
 + Level 4.4 Air Magic
 + Level 4.4 Earth Magic
 + Level 8.4 Poison Magic
 + Level 5.8 Invocations
 + Level 5.3 Evocations


You had 14 spell levels left.
You knew the following spells:

 Your Spells              Type           Power      Damage    Failure   Level
a - Sting                 Tmut/Pois      100%       1d8       1%          1
b - Olgreb's Toxic Radia  Pois           32%        N/A       4%          4
c - Blink                 Tloc           38%        N/A       3%          2

Your spell library contained the following spells:

 Spells                   Type           Power      Damage    Failure   Level
 Animate Skeleton         Necr           38%        N/A       2%          1
 Apportation              Tloc           38%        N/A       2%          1
 Freeze                   Ice            76%        1d9       2%          1
 Summon Small Mammal      Summ           76%        N/A       2%          1
 Ensorcelled Hibernation  Hex/Ice        38%        N/A       3%          2
 Scorch                   Fire           38%        2d6       3%          2
 Static Discharge         Conj/Air       19%        N/A       3%          2
 Mephitic Cloud           Conj/Pois/Air  23%        N/A       3%          3
 Frozen Ramparts          Ice            38%        1d5       7%          3
 Lesser Beckoning         Tloc           19%        N/A       7%          3
 Tukima's Dance           Hex            19%        N/A       7%          3
 Anguish                  Hex/Necr       9%         N/A       22%         4
 Dispel Undead            Necr           19%        3d11      22%         4
 Flame Wave               Conj/Fire      19%        2d6       22%         4
 Hailstorm                Conj/Ice       19%        3d6       22%         4
 Sticky Flame             Conj/Fire      19%        2d4       22%         4
 Freezing Cloud           Conj/Ice/Air   9%         6-21      52%         5
 Manifold Assault         Tloc           19%        N/A       52%         5
 Summon Cactus Giant      Summ           9%         N/A       98%         6
 Enfeeble                 Hex            9%         N/A       100%        7


Dungeon Overview and Level Annotations

Branches:
Dungeon (9/15)            Ossuary (visited)
 Temple: D:4-7         Lair: D:8-11         Orc: D:9-12

Altars:
Yredelemnul

Shops:
D:3 [


Innate Abilities, Weirdness & Mutations

You have very sharp teeth.
Your uncanny sense of smell can sniff out nearby items.
Your experience applies equally to all skills.
You are partially covered in iridescent scales. (AC +2)
Your natural rate of healing is unusually fast.
You occasionally shout uncontrollably at your foes.
Your movements are slightly less encumbered by armour. (ER -2)


Message History

You block the water moccasin's attack.
Your toxic aura wanes.
You block the water moccasin's attack.
There is an escape hatch in the ceiling here.
The water moccasin misses you.
You closely miss the water moccasin.
The centaur warrior looks more healthy.
The water moccasin bites you.
You are poisoned.
The water moccasin poisons you!
You hit the water moccasin.
The water moccasin writhes in agony.
The water moccasin is lightly wounded.
You feel very sick. You block the water moccasin's attack.
You barely miss the water moccasin. Your bite misses the water moccasin.
The water moccasin is lightly wounded.
You feel very sick. You block the water moccasin's attack.
You hit the water moccasin.
The water moccasin writhes in agony.
The water moccasin is moderately wounded.
You feel sick. The water moccasin closely misses you.
You puncture the water moccasin! You punch the water moccasin.
The water moccasin is almost dead.
You feel sick. The water moccasin bites you.
You miss the water moccasin.
The water moccasin is almost dead.
You feel sick. The water moccasin barely misses you.
The water moccasin misses you.
You miss the water moccasin.
The water moccasin is almost dead.
You feel sick. The water moccasin bites you!
You hit the water moccasin.
You kill the water moccasin!
You feel sick.
The centaur warrior wields a +0 longbow.
The centaur warrior shoots an arrow.
The arrow hits you!!
* * * LOW HITPOINT WARNING * * *
You feel sick.
The centaur warrior shoots an arrow.
The arrow hits you!
* * * LOW HITPOINT WARNING * * *
The centaur warrior shoots an arrow.
The arrow hits you!
You die...

#### #.# ###### ∆ ...#### #.#
#....# ....†.# #.###....##
...##.###########.#.......#
...##.............#.#.....#
####..............#.......# #
##..............###T....# #####
# #.............@.†cTW....#
#....
#...............###.###.###.###
#....#######..........#∆.)....#
#.#... ###.########h..#.#.#
..)#.### #........#T''#.#..
.#.#.## #..##...##W..#####
.....# # #.....###..#..# .....#
#.#####....##...###...# .....#
#..<......##..#.. .#..#


You could see a centaur warrior, 2 trolls and a wraith.

Vanquished Creatures
  A two-headed ogre (D:9)
  A troll (D:7)
  Prince Ribbit (D:8)
  2 wyverns
  2 steam dragons
  3 water moccasins
  An orc warrior (D:8)
  A black bear (D:7)
  A necrophage (D:5)
  A centaur (D:6)
  An ogre (D:7)
  2 kobold brigands (D:8)
  A bullfrog (D:7)
  2 scorpions
  A wyvern skeleton (D:6)
  2 water moccasin skeletons
  4 killer bees (D:6)
  10 wights
  A howler monkey (D:9)
  2 centaur zombies
  4 bullfrog zombies
  A quasit (D:6)
  2 jellies
  2 hounds
  Crazy Yiuf (D:5)
  A gnoll shaman (D:6)
  2 centaur skeletons
  4 orc priests
  Jessica (D:2)
  Ijyb (D:3)
  7 orc wizards
  3 iguanas
  3 killer bee zombies
  2 howler monkey zombies (D:9)
  8 mummies (Ossuary)
  Robin (D:3)
  A howler monkey skeleton (D:7)
  8 adders
  9 gnolls
  2 river rats (D:5)
  A shadow imp (D:6)
  2 white imps
  An adder skeleton (D:5)
  A worm (D:3)
  A dart slug (D:4)
  16 orcs
  8 ball pythons
  13 endoplasms
  6 giant cockroaches
  10 hobgoblins
  2 jackals (D:2)
  7 quokkas
  5 bats
  3 frilled lizards
  A gnoll zombie (Ossuary)
  14 goblins
  2 hobgoblin zombies (Ossuary)
  14 kobolds
  A kobold zombie (Ossuary)
  4 orc zombies (Ossuary)
  7 rats
222 creatures vanquished.

Notes
Turn   | Place    | Note
-------+----------+-------------------------------------------
     0 | D:1      | Pemander the Gnoll Wanderer began the quest for the Orb.
     0 | D:1      | Pemander set off with the following items: a +0 falchion, a
                  | +0 ring mail; and the following spell memorised: Sting; and
                  | the following spells available to memorise: Olgreb's Toxic
                  | Radiance, Mephitic Cloud
     0 | D:1      | Reached XP level 1. HP: 17/17 MP: 4/4
     2 | D:1      | Noticed a gargoyle
     4 | D:1      | Noticed an ogre
     4 | D:1      | Noticed a tengu
     6 | D:1      | Noticed a human
     8 | D:1      | Noticed an elf
     8 | D:1      | Noticed a naga
    10 | D:1      | Noticed an octopode
    12 | D:1      | Noticed a troll
    12 | D:1      | Noticed a demonspawn
    14 | D:1      | Noticed a spriggan
    14 | D:1      | Noticed a demigod
    16 | D:1      | Noticed a minotaur
    16 | D:1      | Noticed a ghoul
    18 | D:1      | Noticed a felid
    18 | D:1      | Noticed a vine stalker
    20 | D:1      | Noticed a vampire
    20 | D:1      | Noticed a dwarf
    22 | D:1      | Noticed a merfolk
    22 | D:1      | Noticed a draconian
    24 | D:1      | Noticed a formicid
    67 | D:1      | Reached XP level 2. HP: 8/23 MP: 2/5
   305 | D:1      | Found a faded altar of an unknown god.
   305 | D:1      | Noticed a great orb of eyes
   312 | D:1      | Noticed a great orb of eyes
   316 | D:1      | Noticed a golden eye
   316 | D:1      | Noticed a floating eye
   950 | D:1      | Reached XP level 3. HP: 28/28 MP: 5/7
  1386 | D:2      | Reached skill level 1 in Invocations
  1660 | D:2      | Reached skill level 1 in Short Blades
  1660 | D:2      | Reached skill level 1 in Axes
  1660 | D:2      | Reached skill level 1 in Maces & Flails
  1660 | D:2      | Reached skill level 1 in Polearms
  1660 | D:2      | Reached skill level 1 in Staves
  1660 | D:2      | Reached skill level 1 in Slings
  1660 | D:2      | Reached skill level 1 in Bows
  1660 | D:2      | Reached skill level 1 in Crossbows
  1660 | D:2      | Reached skill level 1 in Throwing
  1660 | D:2      | Reached skill level 1 in Dodging
  1660 | D:2      | Reached skill level 1 in Stealth
  1660 | D:2      | Reached skill level 1 in Shields
  1660 | D:2      | Reached skill level 1 in Unarmed Combat
  1660 | D:2      | Reached skill level 1 in Evocations
  1746 | D:2      | Reached XP level 4. HP: 34/34 MP: 2/8
  2058 | D:2      | Reached skill level 1 in Conjurations
  2058 | D:2      | Reached skill level 1 in Hexes
  2058 | D:2      | Reached skill level 1 in Summonings
  2058 | D:2      | Reached skill level 1 in Necromancy
  2058 | D:2      | Reached skill level 1 in Translocations
  2058 | D:2      | Reached skill level 1 in Transmutations
  2058 | D:2      | Reached skill level 1 in Fire Magic
  2058 | D:2      | Reached skill level 1 in Ice Magic
  2058 | D:2      | Reached skill level 1 in Air Magic
  2058 | D:2      | Reached skill level 1 in Earth Magic
  2342 | D:2      | Noticed Jessica
  2351 | D:2      | Killed Jessica
  2352 | D:2      | Reached XP level 5. HP: 36/40 MP: 4/9
  2484 | D:3      | Learned a level 4 spell: Olgreb's Toxic Radiance
  2497 | D:3      | Got Luvemolach's Compendium of the Glacier
  2861 | D:3      | Found Rydurrej's Armour Shop.
  3247 | D:3      | Reached XP level 6. HP: 36/47 MP: 6/10
  3788 | D:3      | Noticed Ijyb
  3803 | D:3      | Killed Ijyb
  3883 | D:3      | Noticed Robin
  4189 | D:3      | Killed Robin
  5250 | D:4      | Reached XP level 7. HP: 47/52 MP: 10/12
  5328 | D:4      | Found a basalt altar of Yredelemnul.
  5362 | D:5      | Entered Level 5 of the Dungeon
  5376 | D:5      | Found a sand-covered staircase.
  5690 | Ossuary  | Entered an ossuary
  6248 | D:5      | Found a runed translucent door.
  6249 | D:5      | Noticed Crazy Yiuf
  6356 | D:5      | Reached XP level 8. HP: 41/60 MP: 10/14
  7756 | D:5      | Killed Crazy Yiuf
  7894 | D:5      | Gained mutation: Armour fits poorly on your strangely
                  | shaped body. [potion of mutation]
  7894 | D:5      | Gained mutation: Your magical capacity is low. (-10% MP)
                  | [potion of mutation]
  7894 | D:5      | Gained mutation: You are partially covered in iridescent
                  | scales. (AC +2) [potion of mutation]
  7901 | D:5      | Lost mutation: You are partially covered in iridescent
                  | scales. (AC +2) [potion of mutation]
  7901 | D:5      | Lost mutation: Your magical capacity is low. (-10% MP)
                  | [potion of mutation]
  7901 | D:5      | Gained mutation: You are agile. (Dex +2) [potion of
                  | mutation]
  7901 | D:5      | Gained mutation: You occasionally shout uncontrollably at
                  | your foes. [potion of mutation]
  7901 | D:5      | Gained mutation: Your natural rate of healing is unusually
                  | fast. [potion of mutation]
  7902 | D:5      | Lost mutation: You are agile. (Dex +2) [potion of mutation]
  7902 | D:5      | Lost mutation: Armour fits poorly on your strangely shaped
                  | body. [potion of mutation]
  7902 | D:5      | Gained mutation: You are partially covered in iridescent
                  | scales. (AC +2) [potion of mutation]
  7902 | D:5      | Gained mutation: Your movements are slightly less
                  | encumbered by armour. (ER -2) [potion of mutation]
  8255 | D:6      | Noticed Grinder
  8259 | D:6      | Learned a level 2 spell: Blink
  8271 | D:6      | Noticed Grinder
  8271 | D:6      | Grinder changed into Grinder the quasit
  8277 | D:6      | Killed Grinder the quasit
  8363 | D:6      | Reached XP level 9. HP: 66/66 MP: 16/16
  8679 | D:7      | Noticed a troll
  8709 | D:7      | Killed a troll
  8710 | D:7      | Reached skill level 5 in Spellcasting
  8793 | D:7      | Reached skill level 5 in Fighting
  8793 | D:7      | Reached skill level 5 in Long Blades
  9122 | D:7      | Reached skill level 5 in Invocations
  9548 | D:8      | Noticed Prince Ribbit
  9579 | D:8      | Killed Prince Ribbit
  9580 | D:8      | Reached XP level 10. HP: 74/74 MP: 4/18
  9816 | D:8      | Reached skill level 5 in Short Blades
  9816 | D:8      | Reached skill level 5 in Axes
  9816 | D:8      | Reached skill level 5 in Maces & Flails
  9816 | D:8      | Reached skill level 5 in Polearms
  9816 | D:8      | Reached skill level 5 in Staves
  9816 | D:8      | Reached skill level 5 in Slings
  9816 | D:8      | Reached skill level 5 in Bows
  9816 | D:8      | Reached skill level 5 in Crossbows
  9816 | D:8      | Reached skill level 5 in Throwing
  9816 | D:8      | Reached skill level 5 in Dodging
  9816 | D:8      | Reached skill level 5 in Stealth
  9816 | D:8      | Reached skill level 5 in Shields
  9816 | D:8      | Reached skill level 5 in Unarmed Combat
  9816 | D:8      | Reached skill level 5 in Evocations
 10168 | D:8      | Identified the +7 short sword of the Reaper {pain, rElec
                  | rC+}
 10185 | D:8      | Identified the +8 dagger "Raipod" {vamp, rF+}
 10607 | D:9      | Noticed a two-headed ogre
 10662 | D:9      | Killed a two-headed ogre
 10717 | D:9      | Noticed a two-headed ogre
 10718 | D:9      | Noticed a centaur warrior
 10741 | D:9      | Shot with an arrow by a centaur warrior

Illustrated notes

Levels and vault maps discovered:
D:1:      kb_arrival_jail, layout_basic, hellmonk_ecumenical_altar_watching_god,
          st_stairs_14, hex_medium
D:2:      layout_basic, minmay_misc_feat_chi, kennysheep_jessica_study
D:3:      layout_basic, serial_shops, shop, uniq_ijyb, uniq_robin
D:4:      layout_basic, mainiacjoe_overflow_large_starburst,
          minmay_temple_entry_trees, chequers_serial_rivers_large_b
D:5:      layout_basic, nicolae_ossuary_entry_false_entrances,
          gup_sewer_entry_spiral, uniq_crazy_yiuf_cottage
D:6:      layout_rooms, hangedman_abyss_or_decor_jellyfish_corner,
          minmay_misc_feat_tiny, grunt_tough_drop, uniq_grinder
D:7:      layout_basic, grunt_ogre_cave
D:8:      layout_basic, uniq_prince_ribbit1
D:9:      layout_basic, kennysheep_kite_vault

Skill      XL: |  1  2  3  4  5  6  7  8  9 10 |
---------------+-------------------------------+-----
Invocations    | 1 2 3 4 5 |  5.8
Short Blades   | 1 2 3 4 5 |  5.3
Axes           | 1 2 3 4 5 |  5.3
Maces & Flails | 1 2 3 4 5 |  5.3
Polearms       | 1 2 3 4 5 |  5.3
Staves         | 1 2 3 4 5 |  5.3
Slings         | 1 2 3 4 5 |  5.3
Bows           | 1 2 3 4 5 |  5.3
Crossbows      | 1 2 3 4 5 |  5.3
Throwing       | 1 2 3 4 5 |  5.3
Dodging        | 1 2 3 4 5 |  5.3
Stealth        | 1 2 3 4 5 |  5.3
Shields        | 1 2 3 4 5 |  5.3
Unarmed Combat | 1 2 3 4 5 |  5.3
Evocations     | 1 2 3 4 5 |  5.3
Spellcasting   | 3 4 5 6 |  6.1
Conjurations   | 1 2 3 4 |  4.4
Hexes          | 1 2 3 4 |  4.4
Summonings     | 1 2 3 4 |  4.4
Necromancy     | 1 2 3 4 |  4.4
Translocations | 1 2 3 4 |  4.4
Transmutations | 1 2 3 4 |  4.4
Fire Magic     | 1 2 3 4 |  4.4
Ice Magic      | 1 2 3 4 |  4.4
Air Magic      | 1 2 3 4 |  4.4
Earth Magic    | 1 2 3 4 |  4.4
Fighting       | 3 4 5 6 |  6.0
Long Blades    | 3 4 5 6 |  6.0
Armour         | 7 8 |  8.5
Poison Magic   | 8 |  8.4

Action                   |  1- 3 |  4- 6 |  7- 9 | 10-12 || total
-------------------------+-------+-------+-------+-------++-------
Melee: Falchion          |    35 |    28 |    14 |    35 ||   112
       Bite              |     3 |     7 |    41 |    12 ||    63
       Dagger            |       |    85 |   167 |       ||   252
       Unarmed           |       |     1 |       |       ||     1
       Punch             |       |     1 |     5 |     2 ||     8
       Quarterstaff      |       |       |   138 |       ||   138
       Short sword       |       |       |       |    27 ||    27
 Cast: Sting             |    29 |   107 |    48 |     3 ||   187
       Olgreb's Toxic Ra |       |       |    17 |     9 ||    26
Evoke: Wand              |       |       |    16 |       ||    16
  Use: Scroll            |       |     4 |       |       ||     4
       Potion            |       |       |     6 |       ||     6
 Stab: Sleeping          |       |       |     6 |       ||     6
Armor: Ring mail         |    22 |    62 |    41 |       ||   125
       Robe              |       |       |    61 |    24 ||    85
Dodge: Dodged            |    26 |    72 |   203 |    32 ||   333
Block: Other             |       |       |    23 |    10 ||    33
